 Dungeon Crawl Stone Soup version 0.30-a0-629-gd54f4be4f7 (console) character file.

Game seed: 15885377531630934896

113790 jejorda2 the Impaler (level 16, -7/127 HPs)
             Began as a Merfolk Berserker on Jan 12, 2023.
             Was a High Priest of Trog.
             Mangled by a golden dragon simulacrum (22 damage)
             ... in an ice cave.
             The game lasted 01:02:28 (21128 turns).

jejorda2 the Impaler (Merfolk Berserker)           Turns: 21128, Time: 01:02:28

Health: -7/127     AC: 25    Str: 23    XL:     16   Next: 64%
Magic:  5/5        EV: 21    Int:  8    God:    Trog [*****.]
Gold:   1166       SH:  5    Dex: 14    Spells: 15/15 levels left

rFire   . . .      SeeInvis .    a - +2 bardiche (antimagic)
rCold   + . .      Faith    .    (shield currently unavailable)
rNeg    . . .      Spirit   .    t - +6 ring mail of Gon Yky {rC+}
rPois   .          Reflect  +    n - +2 helmet
rElec   .          Harm     .    F - +0 cloak
rCorr   .          Rampage  .    (no gloves)
Will    +....                    y - +2 pair of boots
Stlth   ++                       j - amulet of reflection
HPRegen 0.41/turn                k - +4 ring of protection
MPRegen 0.09/turn                w - +5 ring of evasion

@: no status effects
A: (nimble swimmer 2), mertail
a: Renounce Religion, Berserk, Trog's Hand, Brothers in Arms


You were in an ice cave.
You worshipped Trog.
Trog was extremely pleased with you.
You visited 2 branches of the dungeon, and saw 20 of its levels.
You also visited: Sewer and Ice Cave.

You collected 1273 gold pieces.
You spent 107 gold pieces at shops.

Inventory:

Hand Weapons
 a - a +2 antimagic bardiche (weapon)
 b - a +3 halberd of flaming
Missiles
 c - 126 stones
 e - 17 boomerangs
 g - 5 throwing nets
 h - 23 poisoned darts
 M - 5 curare-tipped darts
 U - 6 silver boomerangs
 X - 6 javelins
Armour
 n - a +2 helmet (worn)
 t - the +6 ring mail of Gon Yky (worn) {rC+}
   (You found it on level 4 of the Dungeon)

   rC:        It protects you from cold.
 y - a +2 pair of boots (worn)
 F - a +0 cloak (worn)
Jewellery
 j - an amulet of reflection (around neck)
 k - a +4 ring of protection (left hand)
 l - a ring of see invisible
 w - a +5 ring of evasion (right hand)
 x - a ring of positive energy
 G - a ring of resist corrosion
Wands
 s - a wand of flame (51) (quivered)
 u - a wand of digging (8)
 B - a wand of polymorph (5)
 D - a wand of paralysis (12)
 N - a wand of roots (19)
 S - a wand of mindburst (16)
 V - a wand of acid (4)
Scrolls
 m - 4 scrolls of immolation
 r - a scroll of magic mapping
 I - 2 scrolls of fear
 J - 3 scrolls of blinking
 K - 9 scrolls of teleportation
 L - a scroll of summoning
 Q - a scroll of fog
 R - 3 scrolls of poison
Potions
 d - 6 potions of invisibility
 i - 7 potions of haste
 o - 4 potions of attraction
 p - a potion of resistance
 q - 11 potions of curing
 v - 2 potions of might
 z - 3 potions of cancellation
 A - 2 potions of flight
 C - 4 potions of heal wounds
 H - 6 potions of lignification
 T - a potion of mutation
Miscellaneous
 E - a tin of tremorstones (1/2)


   Skills:
 - Level 12.0 Fighting
 + Level 20.3 Polearms
 + Level 15.4 Throwing
 + Level 9.4 Armour
 - Level 12.0 Dodging
 - Level 3.0 Stealth
 - Level 6.0 Evocations


You had 15 spell levels left.
You didn't know any spells.
Your spell library was empty.

Dungeon Overview and Level Annotations

Branches:
Dungeon (15/15)            Temple (0/1) D:4            Lair (5/5) D:8
 Shoals (0/4) Lair:3        Snake (0/4) Lair:2        Slime (0/5) Lair:5
    Orc (0/2) D:9          Vaults (0/5) D:13         Depths (0/4) D:15
  Sewer (visited)           IceCv (1/1)

Altars:
Ashenzari
Cheibriados
Dithmenos
Elyvilon
Fedhas
Gozag
Hepliaklqana
Kikubaaqudgha
Makhleb
Okawaru
Qazlal
Trog
Wu Jian
Xom
Yredelemnul
Zin
Jiyva
Lugonu

Shops:
D:1 :   D:7 *

Portals:
Abyss: Lair:5

Annotations:
D:10 2 transporters, wormed's ghost, journeyman GnWn
Lair:5 1 runed translucent door


Innate Abilities, Weirdness & Mutations

((You are very nimble when in or above water. (Stealth+, EV+, Speed+++)))
Your lower body shifts to a powerful aquatic tail in water.


Message History

A golden dragon simulacrum comes into view.
There is an open door here.
You hit the golden dragon simulacrum.
The golden dragon simulacrum is lightly damaged.
The golden dragon simulacrum bites you!
The golden dragon simulacrum freezes you!!
You resist.
The golden dragon simulacrum claws you but does no damage.
The golden dragon simulacrum tramples you but does no damage.
You hit the golden dragon simulacrum.
The golden dragon simulacrum is lightly damaged.
The golden dragon simulacrum completely misses you.
The golden dragon simulacrum claws you but does no damage.
The golden dragon simulacrum tramples you but does no damage.
You slash the golden dragon simulacrum!
The golden dragon simulacrum is moderately damaged.
You slash the golden dragon simulacrum!
The golden dragon simulacrum is heavily damaged.
The golden dragon simulacrum bites you!
The golden dragon simulacrum freezes you!
You resist.
The golden dragon simulacrum completely misses you.
The golden dragon simulacrum tramples you!
You stumble backwards!
You slash the golden dragon simulacrum!
The golden dragon simulacrum is severely damaged.
The golden dragon simulacrum bites you.
The golden dragon simulacrum freezes you!
You resist.
* * * LOW HITPOINT WARNING * * *
The golden dragon simulacrum claws you but does no damage.
The golden dragon simulacrum misses you.
You slash the golden dragon simulacrum!
The golden dragon simulacrum is almost destroyed.
The golden dragon simulacrum barely misses you.
The golden dragon simulacrum claws you!
* * * LOW HITPOINT WARNING * * *
The golden dragon simulacrum freezes you!!
You resist.
You die...

#.8...8.#
+.......+
###.8...8.##
..........
#.8...8.#
+.......+
#.8...8.###
+......@Z.#
#+#...#'###
#...#.#
#...### #...#
#...#+##
##'##[⌠#
#...#uW###
####...####.#


You could see a golden dragon simulacrum.

Vanquished Creatures
  Snorg (D:11)
  12 hydras
  Erolcha (D:9)
  An ogre mage (D:13)
  A catoblepas (Lair:3)
  A death yak (Lair:1)
  The ghost of crescentfresh the Fighter, a journeyman TeCj of Sif Muna (Lair:1)
  A boulder beetle (D:13)
  3 centaur warriors (D:13)
  4 two-headed ogres
  A tengu warrior (D:14)
  3 thrashing horrors (Lair:5)
  Nergalle (Lair:1)
  Amaemon (D:9)
  3 skeletal warriors (D:11)
  2 fire crabs
  A necromancer (Lair:4)
  A harpy (shapeshifter) (D:14)
  2 obsidian statues (IceCv)
  An ugly thing (Lair:5)
  2 deep elf pyromancers (D:14)
  3 cyclopes
  A manticore (Lair:3)
  8 black mambas
  8 slime creatures
  25 elephants
  2 smoke demons (Lair:5)
  13 cane toads
  3 torpor snails
  An orange demon (D:9)
  4 rime drakes
  A gargoyle (D:12)
  A freezing wraith (IceCv)
  An unseen horror (D:11)
  2 tengu conjurers (D:14)
  12 komodo dragons
  3 anaconda simulacra
  2 efreet (D:13)
  An ancient zyme (Lair:5)
  4 polar bears
  An ice devil (IceCv)
  A wind drake (Lair:3)
  Prince Ribbit (Lair:2)
  A tyrant leech (Lair:2)
  A hornet (D:9)
  Grinder (Sewer)
  7 trolls
  13 dream sheep
  A tarantella (shapeshifter) (D:14)
  26 blink frogs
  4 ynoxinuls (Lair:5)
  10 spriggans (Lair:2)
  2 wraiths
  A shadow (D:10)
  9 wyverns
  62 yaks
  10 basilisks
  2 fire bats (Lair:4)
  Grum (D:9)
  9 small abominations (Lair:5)
  16 vampire mosquitoes
  4 minotaur simulacra
  2 wargs (D:9)
  2 large abominations (Lair:5)
  2 swamp worms (Lair:2)
  A harpy simulacrum (D:15)
  2 nagas (Lair:2)
  3 acid dragons
  13 water moccasins
  An alligator simulacrum (D:15)
  An ice beast (D:6)
  3 black bears
  4 orc warriors
  An ettin simulacrum (IceCv)
  An ogre (D:4)
  3 wolves
  3 phantoms
  8 centaurs
  Blork the orc (D:4)
  12 bullfrogs
  3 gnoll sergeants
  2 kobold brigands
  4 scorpions
  A water moccasin zombie (D:4)
  2 deep troll simulacra (D:15)
  21 wights
  6 killer bees (D:6)
  5 howler monkeys
  3 electric eels
  A centaur zombie (D:4)
  3 jellies
  3 hounds
  Crazy Yiuf (D:5)
  4 orc priests
  2 gnoll boudas (D:4)
  A human zombie (D:4)
  4 iguanas
  A scorpion zombie (D:4)
  14 orc wizards
  2 yak simulacra (Lair:4)
  2 polar bear simulacra (Lair:4)
  2 wolf simulacra (Lair:4)
  A hound zombie (D:4)
  A mummy (D:4)
  2 howler monkey zombies (D:4)
  25 gnolls
  7 adders
  2 shadow imps (Sewer)
  3 white imps
  9 ufetubi
  2 worms
  4 dart slugs
  48 orcs
  A bat zombie (Sewer)
  8 endoplasms
  6 giant cockroaches
  10 goblins
  5 hobgoblins
  8 jackals
  22 kobolds
  A quokka (D:4)
  11 ball pythons
  10 bats
  3 frilled lizards
  2 jackal zombies (D:4)
  4 rats
  5 river rat simulacra (Lair:4)
672 creatures vanquished.

Vanquished Creatures (collateral kills)
  An ugly thing (Lair:5)
  A torpor snail (Lair:5)
  A cane toad (Lair:5)
  A freezing wraith (IceCv)
  4 blink frogs
  6 yaks
  A basilisk (Lair:5)
  A hydra simulacrum (IceCv)
  2 water moccasins
  A lindwurm simulacrum (IceCv)
19 creatures vanquished.

Vanquished Creatures (others)
  2 bushes
  9 fungi
  38 plants
49 creatures vanquished.

Grand Total: 740 creatures vanquished

Notes
Turn   | Place    | Note
-------+----------+-------------------------------------------
     0 | D:1      | jejorda2 the Merfolk Berserker began the quest for the Orb.
     0 | D:1      | Reached XP level 1. HP: 18/18 MP: 1/1
    17 | D:1      | Found Unaorgh's Vocational Training.
   180 | D:1      | Reached XP level 2. HP: 18/24 MP: 2/2
   487 | D:1      | Found a faded altar of an unknown god.
   860 | D:1      | Reached XP level 3. HP: 26/29 MP: 3/3
   992 | D:2      | Reached skill level 5 in Polearms
  1343 | D:2      | Reached ** piety under Trog
  1376 | D:2      | Reached XP level 4. HP: 37/37 MP: 4/4
  1502 | D:2      | Found an iron altar of Okawaru.
  1679 | D:3      | Reached XP level 5. HP: 36/42 MP: 5/5
  1680 | D:3      | Reached skill level 6 in Polearms
  1726 | D:3      | Found a broken altar of Ashenzari.
  1846 | D:3      | Found a transporter.
  1881 | D:3      | Found a transporter.
  2193 | D:3      | Reached XP level 6. HP: 43/49 MP: 6/6
  2218 | D:3      | Reached skill level 7 in Polearms
  2308 | D:4      | Found a bloodstained altar of Trog.
  2319 | D:4      | Reached skill level 5 in Dodging
  2338 | D:4      | Reached skill level 5 in Fighting
  2338 | D:4      | Reached XP level 7. HP: 51/56 MP: 7/7
  2378 | D:4      | Found a staircase to the Ecumenical Temple.
  2388 | D:4      | Reached skill level 8 in Polearms
  2591 | D:4      | Reached skill level 9 in Polearms
  2594 | D:4      | Identified the +6 ring mail of Gon Yky {rC+}
  2647 | D:4      | Noticed Blork the orc
  2654 | D:4      | Killed Blork the orc
  2655 | D:4      | Reached XP level 8. HP: 48/64 MP: 8/8
  2849 | D:4      | Reached skill level 1 in Throwing
  3024 | D:4      | Found an ancient bone altar of Kikubaaqudgha.
  3046 | D:4      | Reached *** piety under Trog
  3112 | D:4      | Reached skill level 10 in Polearms
  3396 | D:5      | Entered Level 5 of the Dungeon
  3542 | D:5      | Found a glowing drain.
  3565 | Sewer    | Entered a sewer
  3751 | Sewer    | Found an ancient bone altar of Kikubaaqudgha.
  3831 | Sewer    | Reached skill level 11 in Polearms
  3831 | Sewer    | Reached XP level 9. HP: 69/69 MP: 9/9
  3857 | Sewer    | Noticed Grinder
  3868 | Sewer    | Killed Grinder
  4404 | D:5      | Found a shadowy altar of Dithmenos.
  4501 | D:5      | Reached skill level 12 in Polearms
  4544 | D:5      | Found a runed translucent door.
  4545 | D:5      | Noticed Crazy Yiuf
  4550 | D:5      | Killed Crazy Yiuf
  4934 | D:5      | Found a white marble altar of Elyvilon.
  5048 | D:5      | Found a shimmering altar of Xom.
  5242 | D:6      | Reached **** piety under Trog
  5948 | D:7      | Found Athrytif's Assorted Antiques.
  5954 | D:7      | Bought a scroll labelled KYNTAN IVEDUI for 22 gold pieces
  5954 | D:7      | Bought a cyan potion for 19 gold pieces
  5954 | D:7      | Bought a scroll of teleportation for 66 gold pieces
  6083 | D:7      | Reached skill level 5 in Throwing
  6095 | D:7      | Reached skill level 13 in Polearms
  6239 | D:7      | Reached XP level 10. HP: 66/75 MP: 10/10
  6245 | D:7      | Reached skill level 1 in Evocations
  6708 | D:7      | Found a blossoming altar of Fedhas.
  6708 | D:7      | Found a snail-covered altar of Cheibriados.
  6895 | D:8      | Reached skill level 14 in Polearms
  7058 | D:8      | Found a staircase to the Lair.
  7096 | D:8      | Reached skill level 15 in Polearms
  7167 | D:8      | Found a hazy altar of Hepliaklqana.
  7167 | D:8      | Found a basalt altar of Yredelemnul.
  7473 | D:8      | Found an ornate altar of the Wu Jian Council.
  7746 | D:9      | Noticed an orange demon
  7746 | D:9      | Noticed Erolcha
  7746 | D:9      | Noticed Amaemon
  7754 | D:9      | Killed Erolcha
  7755 | D:9      | Reached skill level 16 in Polearms
  7755 | D:9      | Reached skill level 5 in Evocations
  7755 | D:9      | Reached XP level 11. HP: 81/81 MP: 11/11
  7765 | D:9      | Killed Amaemon
  7827 | D:9      | Noticed Grum
  7840 | D:9      | Killed Grum
  8075 | D:9      | Reached ***** piety under Trog
  8076 | D:9      | Reached skill level 17 in Polearms
  8273 | D:9      | You fall into a shaft and drop 3 floors!
  8487 | D:11     | Identified the +1 robe "Kilafomu" {Str-3 Dex+4}
  8558 | D:10     | Entered Level 10 of the Dungeon
  8576 | D:10     | Found a stormy altar of Qazlal.
  8678 | D:10     | Reached skill level 20 in Polearms
  8678 | D:10     | Reached XP level 12. HP: 88/89 MP: 12/12
  8679 | D:10     | Reached XP level 13. HP: 105/106 MP: 13/13
  8834 | D:10     | Found a glowing silver altar of Zin.
  8835 | D:10     | Found an opulent altar of Gozag.
  9133 | D:9      | Found a staircase to the Orcish Mines.
  9329 | D:9      | Found an iron altar of Okawaru.
  9568 | D:9      | Found a burning altar of Makhleb.
  9701 | D:10     | Found a transporter.
  9811 | D:10     | Received a gift from Trog
 10047 | D:10     | Noticed wormed's ghost (journeyman GnWn)
 10095 | D:10     | Found a transporter.
 10252 | Lair:1   | Entered Level 1 of the Lair of Beasts
 10314 | Lair:1   | Noticed Nergalle
 10329 | Lair:1   | Killed Nergalle
 10452 | Lair:1   | Found a transporter.
 10455 | Lair:1   | Noticed crescentfresh's ghost (journeyman TeCj)
 10469 | Lair:1   | Found a transporter.
 10530 | Lair:1   | Reached XP level 14. HP: 109/115 MP: 14/14
 11202 | Lair:1   | Killed crescentfresh's ghost
 11502 | Lair:2   | Reached skill level 10 in Dodging
 11597 | Lair:2   | Found a staircase to the Snake Pit.
 11820 | Lair:2   | Noticed Prince Ribbit
 11889 | Lair:2   | Killed Prince Ribbit
 12031 | Lair:2   | Reached skill level 10 in Throwing
 12846 | Lair:2   | Identified a scroll of acquirement
 12846 | Lair:2   | Acquired the +15 Maxwell's patent armour {-Cast -Tele rElec
                  | Will+ rCorr}
 12846 | Lair:2   | Found the +15 Maxwell's patent armour {-Cast -Tele rElec
                  | Will+ rCorr}
 12920 | Lair:3   | Reached skill level 1 in Stealth
 13109 | Lair:3   | Found the +6 Majin-Bo {vamp, MP+6 Int+6}
 14147 | Lair:3   | Found a staircase to the Shoals.
 14534 | Lair:4   | Reached XP level 15. HP: 110/120 MP: 15/15
 14602 | Lair:4   | Received a gift from Trog
 14757 | Lair:4   | Reached skill level 5 in Armour
 15998 | Lair:5   | Entered Level 5 of the Lair of Beasts
 16873 | Lair:5   | Found a runed translucent door.
 16873 | Lair:5   | Found a viscous altar of Jiyva.
 16874 | Lair:5   | Found a staircase to the Slime Pits.
 16874 | Lair:5   | Noticed an acid blob
 16874 | Lair:5   | Noticed an acid blob
 17056 | Lair:5   | Reached ****** piety under Trog
 17126 | Lair:5   | Received a gift from Trog
 17463 | Lair:5   | Reached XP level 16. HP: 91/127 MP: 16/16
 17569 | Lair:5   | Found a corrupted altar of Lugonu.
 17569 | Lair:5   | Found a one-way gate to the infinite horrors of the Abyss.
 18154 | D:11     | Noticed Snorg
 18165 | D:11     | Killed Snorg
 18259 | D:11     | Found a hazy altar of Hepliaklqana.
 18262 | D:11     | Found a sparkling altar of Nemelex Xobeh.
 18262 | D:11     | Found a shimmering altar of Xom.
 18267 | D:11     | Found a shimmering altar of Xom.
 18267 | D:11     | Found a blossoming altar of Fedhas.
 18267 | D:11     | Found a burning altar of Makhleb.
 19678 | D:13     | Found a gate to the Vaults.
 19770 | D:13     | Reached skill level 15 in Throwing
 20153 | D:14     | Received a gift from Trog
 20913 | D:15     | Entered Level 15 of the Dungeon
 20974 | D:15     | Found a frozen archway.
 21025 | IceCv    | Entered an ice cave
 21128 | IceCv    | Mangled by a golden dragon simulacrum

Illustrated notes

Levels and vault maps discovered:
D:1:      giann_forest_graveyard, layout_loops_ring,
          dilly_ecumenical_altar_fadedgnrine, nicolae_shop_vocational
D:2:      minmay_chambers_of_twos, layout_basic, serial_rivers,
          chequers_serial_rivers_small_a, chequers_serial_rivers_small_a,
          chequers_serial_rivers_marsh, chequers_serial_rivers_marsh,
          chequers_serial_rivers_micro_c, chequers_serial_rivers_marsh,
          basic_altar
D:3:      gammafunk_steamed_eel, layout_rooms, ashenzari_altar_1
D:4:      layout_basic, trog_three_pillars_becter,
          lemuel_mausoleum_altar_kikubaaqudgha, minmay_temple_entry_arrows,
          uniq_blork_the_orc
D:5:      layout_layer_cave, lemuel_doored_altar, marbit_many_paths,
          mainiacjoe_overflow_alcove_4, gup_sewer_entry_glass,
          nicolae_grassy_gnolls, uniq_crazy_yiuf_cottage
D:6:      layout_basic
D:7:      nicolae_cairo_tiling, layout_basic, gammafunk_temple_overflow_wave,
          serial_shops, shop, nicolae_concentric_dashed_squares_mild,
          lightli_orcish_oven
D:8:      layout_cave_pools, mainiacjoe_overflow_alcove_2, jmf_multi_god_temple,
          minmay_lair_entry_grove, kennysheep_path_1, supply_closet_lemuel,
          eino_small_chamber_without_monster
D:9:      layout_long_grid, mainiacjoe_overflow_alcove_1, kennysheep_mini_moat,
          erik_orc_3, chequers_serial_rivers_marsh, uniq_amaemon, uniq_erolcha,
          uniq_grum
D:10:     layout_cave_pods, grunt_temple_overflow_gold_and_silver,
          grunt_qazlal_clouds, gammafunk_ghost_berserking_beasts
D:11:     layout_loops_ring, doesnt_xom_only_xom, uniq_snorg
D:12:     layout_rooms
D:13:     layout_rooms, david_vaults_2, lemuel_flame_loot_1
D:14:     layout_loops_corners
D:15:     gammafunk_depths_entry_grave, layout_gridville, serial_shops,
          nicolae_square_shop, serial_ice, serial_ice_l, serial_ice_h,
          serial_ice_d, serial_ice_e, serial_ice_b, serial_ice_c,
          portal_ice_cave_entry_ice_simulacra, nicolae_uskayaw_dance_hall,
          gauntlet_entry_generic
Lair:1:   layout_long_grid, gammafunk_ghost_arena, uniq_nergalle
Lair:2:   kb_forest_paths, layout_regular_city, guppyfry_snake_entry_island,
          nicolae_quartered_pool_super, worms_lemuel, uniq_prince_ribbit2
Lair:3:   layout_loops_ring, minmay_shoals_entry_beasts, wad_woods_road_03,
          hangedman_lair_generics_rect
Lair:4:   layout_gridlike, eino_house_with_fridge
Lair:5:   hellmonk_lair_end_abyssal_woods, layout_big_grid, slime_entry_2
IceCv:    ice_cave_tombish

Skill      XL: |  1  2  3  4  5  6  7  8  9 10 11 12 13 14 15 16 |
---------------+-------------------------------------------------+-----
Dodging        | 3 4 5 6 7 12 | 12.0
Polearms       | 5 6 7 9 11 13 16 20 | 20.3
Fighting       | 4 5 6 11 12 | 12.0
Throwing       | 3 5 6 7 11 14 15 | 15.4
Armour         | 2 4 7 9 |  9.4
Evocations     | 5 6 |  6.0
Stealth        | 3 |  3.0

Action                   |  1- 3 |  4- 6 |  7- 9 | 10-12 | 13-15 | 16-18 || total
-------------------------+-------+-------+-------+-------+-------+-------++-------
Melee: Spear             |    62 |       |       |       |       |       ||    62
       Trident           |    50 |    91 |    99 |       |     5 |       ||   245
       Punch             |       |     2 |     2 |       |       |       ||     4
       Halberd           |       |       |   384 |   372 |   529 |   231 ||  1516
       Tailslap          |       |       |     2 |       |    13 |     3 ||    18
       Glaive            |       |       |       |       |   722 |       ||   722
       Bardiche          |       |       |       |       |       |   123 ||   123
Throw: Stone             |       |       |     5 |    13 |    36 |       ||    54
       Javelin           |       |       |       |     4 |     6 |       ||    10
       Dart              |       |       |       |     5 |    17 |    15 ||    37
       Boomerang         |       |       |       |       |    33 |    24 ||    57
Invok: Berserk           |       |     3 |     5 |     5 |     8 |     2 ||    23
       Trog's Hand       |       |     2 |     2 |     3 |     6 |     5 ||    18
       Brothers in Arms  |       |       |       |       |     3 |     1 ||     4
Evoke: Wand              |       |     5 |       |       |       |     4 ||     9
       Tin of tremorston |       |       |       |       |       |     1 ||     1
  Use: Scroll            |       |       |    10 |     1 |    19 |     5 ||    35
       Potion            |       |       |       |     2 |     1 |       ||     3
 Stab: Sleeping          |     6 |       |       |       |       |       ||     6
       Distracted        |       |       |       |       |     1 |       ||     1
Armor: Animal skin       |    14 |       |       |       |       |       ||    14
       Leather armour    |     7 |    36 |    10 |       |       |       ||    53
       Ring mail         |       |       |   139 |   131 |   127 |    13 ||   410
       Plate armour      |       |       |       |       |   393 |   148 ||   541
Dodge: Dodged            |    43 |    57 |   269 |   142 |   766 |   158 ||  1435
Block: Other             |     6 |    25 |    91 |    60 |   239 |    72 ||   493
       Reflection        |     1 |     1 |     4 |     1 |     2 |     7 ||    16

Table legend: (Time is in decaauts)
 A = Elapsed time spent in this place.
 B = Non-inter-level travel time spent in this place.
 C = Inter-level travel time spent in this place.
 D = Time resting spent in this place.
 E = Time spent auto-exploring this place.
 F = Levels seen in this place.
 G = Mean time per level.
                   A        B        C        D        E       F      G
               +--------+--------+--------+--------+--------+-----+--------+
         Total |  20585 |  19852 |    733 |   1822 |  13942 |  22 |  935.7 |
       Dungeon |  12846 |  12388 |    458 |    917 |   9113 |  15 |  856.4 |
          Lair |   7275 |   7001 |    274 |    874 |   4645 |   5 | 1455.0 |
         Sewer |    353 |    353 |      0 |     31 |    183 |   1 |  353.0 |
      Ice Cave |    110 |    110 |      0 |      0 |      0 |   1 |  110.0 |
               +--------+--------+--------+--------+--------+-----+--------+

Top non-repeatable levels by time:
  Lair:4: 1895 daAuts
  Lair:5: 1448 daAuts
  Lair:2: 1437 daAuts
  Lair:3: 1402 daAuts
     D:5: 1384 daAuts
     D:9: 1285 daAuts
     D:4: 1160 daAuts
  Lair:1: 1091 daAuts
    D:11: 986 daAuts
    D:14: 950 daAuts
     D:8: 916 daAuts
    D:10: 913 daAuts
     D:7: 908 daAuts
     D:1: 885 daAuts
    D:13: 787 daAuts
